Map: Abyssal Reef LE

Players

ivicaos - Winner!

  • Race: Terran Terran
  • League: Platinum
  • Spawn Location: 5:00

Juxtapose

  • Race: Protoss Protoss
  • Spawn Location: 11:00

VOD

https://youtu.be/KxWEpGlKyp4

Description

I find myself a lot less experienced with Protoss now, as I got them via Random a lot when playing against the AI, but in Unranked they've been rare.

Still, I know how to execute an Oracle harass, and I do that well here. Sadly, I botched up my resource flow which didn't allow me to press that advantage.

I also recognized too late that I should have went Disruptors as opposed to Collosi. I did ultimately experiment more with Disruptors though, and I have a much better appreciation of their value.

Time

  • Played on: May 29, 2017, 9:29 p.m.
  • Length: 24:09
Show
View Real Time Build Order
Export as new Build Order

ivicaos Terran - Winner!

Build Orders:  

Get SALT Encoding   

  12  0:02  SCV  
  13  0:14  SCV  
  13  0:19  Supply Depot  
  14  0:27  SCV  
  15  0:41  SCV  
  16  0:43  Barracks  
  16  0:50  Refinery  
  16  0:53  SCV  
  17  1:05  SCV  
  18  1:17  SCV  
  19  1:37  Barracks Reactor  
  19  1:38  Command Center  
  19  1:39  SCV  
  20  1:52  SCV  
  21  2:04  SCV  
  22  2:09  Barracks  
  22  2:16  SCV  
  22  2:18  Factory  
  23  2:32  Orbital Command  
  23  2:49  Marine x2  
  25  3:07  Marine x2  
  25  3:08  Barracks Tech Lab, Barracks  
  25  3:10  Factory Reactor  
  27  3:16  Orbital Command  
  27  3:19  SCV  
  28  3:25  Supply Depot  
  28  3:31  SCV, Concussive Shells  
  28  3:33  Marine x2  
  31  3:43  SCV  
  31  3:44  Starport  
  32  3:48  Widow Mine  
  32  3:51  Widow Mine  
  32  3:54  Refinery  
  36  3:59  SCV  
  37  4:07  Barracks  
  37  4:11  SCV  
  37  4:13  Barracks Tech Lab  
  38  4:17  Marine x2  
  38  4:18  Marauder  
  38  4:21  Widow Mine  
  46  4:31  Widow Mine  
  46  4:37  Starport Reactor  
  46  4:51  Supply Depot  
  46  5:12  Marine x2, Widow Mine x2  
  46  5:13  SCV x2  
  54  5:19  Marauder x2  
  58  5:24  Engineering Bay  
  58  5:25  SCV x2  
  60  5:37  SCV x2  
  60  5:39  Barracks  
  60  5:40  Barracks Reactor  
  62  5:51  Engineering Bay  
  62  6:01  Command Center  
  62  6:09  Marine  
  62  6:11  SCV, Marine, Widow Mine  
  62  6:14  Marauder x2  
  62  6:26  SCV x2  
  62  6:27  Marine  
  62  6:29  Marine  
  57  6:34  Marine  
  57  6:36  Marauder  
  57  6:38  SCV  
  57  6:39  SCV  
  60  6:45  Marine  
  60  6:46  Marine  
  62  6:54  Missile Turret  
  62  7:12  SCV, Marine x3  
  62  7:13  SCV, Marauder  
  69  7:25  SCV x2  
  69  7:29  Supply Depot  
  71  7:30  Medivac x2  
  77  7:37  SCV x2  
  77  7:41  Barracks Reactor  
  77  7:50  SCV x2, Marine x2  
  77  7:51  Planetary Fortress, Marauder x2  
  85  8:07  Supply Depot  
  85  8:22  Terran Infantry Weapons Level 1  
  85  8:23  SCV x2, Medivac  
  89  8:28  Refinery  
  89  8:30  Supply Depot, Refinery  
  89  8:35  SCV x2  
  91  8:44  Marine x3  
  91  8:45  Marauder, Marine x4  
  91  8:47  SCV  
  99  9:02  SCV, Marine x4  
  102  9:03  Marine x3  
  102  9:04  SCV  
  102  9:05  Marine  
  109  9:14  Supply Depot  
  109  9:35  SCV x3, Marine x3  
  109  9:36  Supply Depot, Marauder  
  117  9:47  Terran Infantry Armor Level 1  
  117  9:58  SCV x2, Marauder x2, Marine x2  
  117  9:59  Supply Depot  
  125  10:16  SCV, Marine  
  125  10:17  Marine  
  125  10:18  SCV  
  125  10:21  Marauder, Marine x4  
  125  10:22  Marauder  
  125  10:28  SCV  
  125  10:34  Marine  
  125  10:35  Marine  
  127  10:38  Marine  
  127  10:39  Marine x2  
  127  10:40  Supply Depot  
  132  10:43  Marauder  
  132  10:44  SCV  
  132  10:49  Marauder  
  133  11:01  SCV x2, Viking  
  133  11:04  Supply Depot, Marauder  
  139  11:05  Combat Shields, Stimpack  
  139  11:08  Marine  
  140  11:13  SCV  
  141  11:19  Supply Depot  
  141  11:25  SCV, Viking  
  145  11:26  Marauder x2  
  145  11:28  Marine  
  149  11:40  Viking, Marine x2  
  149  11:42  Supply Depot  
  149  11:45  Marine x2  
  157  11:47  Marauder  
  157  12:04  Marauder, Armory  
  161  12:08  Marauder  
  161  12:10  Widow Mine x2  
  165  12:17  Supply Depot  
  165  12:39  Marauder, Widow Mine x2  
  118  12:59  Marauder, Marine x3  
  118  13:00  Marauder, Marine x3  
  128  13:07  Widow Mine x2  
  130  13:17  Marine x3  
  130  13:18  Marine  
  130  13:19  Marine x2  
  124  13:21  Marauder x2  
  118  13:34  Marine  
  118  13:35  Marine x2  
  118  13:36  Marine x2  
  118  13:37  Marine  
  118  13:40  SCV x2  
  126  13:42  Marauder  
  126  13:43  Marauder  
  126  13:44  Refinery  
  126  13:47  Refinery  
  130  13:52  SCV  
  130  13:53  SCV  
  132  14:04  SCV, Marauder x2, Marine x4  
  132  14:05  Marine  
  132  14:06  SCV  
  143  14:16  SCV  
  144  14:21  Command Center  
  144  14:25  Marauder  
  144  14:26  Marauder  
  144  14:30  Marine x3  
  144  14:31  Marine x3  
  154  14:46  Marauder  
  154  14:47  Marauder  
  154  14:48  Medivac x2, Marine x3  
  154  14:49  Marine  
  154  14:51  SCV  
  154  14:52  SCV  
  168  15:04  SCV, Marine x2  
  168  15:06  Marine x2  
  173  15:14  Supply Depot  
  173  15:23  Terran Infantry Weapons Level 2  
  173  15:27  Terran Infantry Armor Level 2  
  173  15:32  Medivac, Marine x6  
  173  15:33  Marauder x2  
  185  15:38  Supply Depot  
  185  15:44  Viking  
  187  15:54  Marauder x2  
  191  16:02  Viking, Marine x4  
  191  16:03  Marine x2  
  194  16:14  Viking  
  194  16:15  Marauder x2  
  200  16:37  Marauder  
  159  16:58  Marauder, Marine  
  159  16:59  Marauder, Marine x5  
  167  17:16  Marine x2  
  167  17:17  Marine x4  
  167  17:19  Marauder  
  167  17:20  Marauder  
  166  17:34  Marine x3  
  166  17:35  Marine x2  
  169  17:41  Marauder  
  169  17:42  Marauder  
  172  17:49  Marine  
  165  17:52  Marine x4  
  165  17:53  Marine  
  159  18:02  Marauder  
  159  18:03  Marauder  
  156  18:06  Marine  
  156  18:10  Marine x5  
  162  18:19  Missile Turret  
  162  18:24  Marauder x2, Marine  
  167  18:27  Marine  
  167  18:31  Marine x3  
  167  18:32  Marine  
  172  18:35  Terran Infantry Weapons Level 3  
  172  18:41  Missile Turret  
  172  18:42  Marine  
  172  18:45  Terran Infantry Armor Level 3, Marauder, Marine  
  172  18:46  Marauder  
  178  18:49  Marine  
  179  18:58  Starport Tech Lab  
  179  19:02  Marine x4  
  183  19:03  Marine  
  183  19:06  Marauder  
  183  19:07  Marauder, Marine  
  189  19:19  Marine  
  189  19:20  Marine x2  
  189  19:24  Command Center  
  192  19:27  Raven  
  192  19:28  Marauder  
  192  19:29  Marauder  
  198  19:49  Marauder  
  200  19:58  Missile Turret  
  195  20:10  Raven  
  197  20:24  Marine  
  197  20:25  Marauder  
  200  20:37  Missile Turret  
  144  21:11  Marauder, Marine x3  
  145  21:12  Marauder, Marine x3  
  154  21:29  Planetary Fortress  
  150  21:33  Marauder x2  
  154  21:46  Command Center  
  154  21:54  Marauder x2  
  158  22:12  Marine x2  
  158  22:13  Marine x4  
  164  22:16  Marauder x2  
  168  22:30  Marine x2  
  168  22:31  Marine x4  
  174  22:37  Marauder x2  
  178  22:48  Marine x3  
  178  22:49  Marine x3  
  185  22:58  Marauder  
  185  22:59  Marauder  
  185  23:01  Missile Turret  
  187  23:05  Marine  
  187  23:06  Marine x4  
  187  23:07  Marine  
  194  23:20  Marauder x2  
  194  23:21  SCV  
  194  23:24  Planetary Fortress  
  197  23:33  SCV  
  198  23:38  Command Center  
  200  23:41  Marauder  
Show
View Real Time Build Order
Export as new Build Order

Juxtapose Protoss 

Build Orders:  

Get SALT Encoding   

  12  0:01  Probe (Chrono Boost)  
  13  0:12  Probe (Chrono Boost)  
  14  0:19  Pylon  
  14  0:22  Probe (Chrono Boost)  
  15  0:37  Probe (Chrono Boost)  
  15  0:41  Gateway  
  16  0:49  Probe (Chrono Boost)  
  17  0:57  Assimilator  
  17  1:04  Pylon  
  17  1:05  Probe (Chrono Boost)  
  18  1:15  Probe (Chrono Boost)  
  19  1:26  Probe (Chrono Boost)  
  19  1:28  Cybernetics Core  
  20  1:35  Zealot  
  20  1:36  Probe (Chrono Boost)  
  23  1:42  Assimilator  
  23  1:47  Probe (Chrono Boost)  
  23  1:48  Assimilator  
  24  2:02  Probe (Chrono Boost)  
  25  2:16  Adept  
  25  2:17  Probe (Chrono Boost)  
  25  2:22  Pylon  
  28  2:28  Mothership Core (Chrono Boost)  
  30  2:45  Nexus  
  30  2:47  Pylon  
  30  2:51  Pylon  
  30  3:09  Warp Gate  
  30  3:19  Stargate  
  30  3:44  Gateway  
  30  3:49  Gateway  
  31  4:03  Probe (Chrono Boost)  
  31  4:04  Probe (Chrono Boost)  
  31  4:07  Oracle  
  35  4:13  Probe (Chrono Boost)  
  35  4:15  Probe (Chrono Boost)  
  37  4:24  Probe (Chrono Boost)  
  38  4:25  Probe (Chrono Boost)  
  38  4:27  Robotics Facility  
  39  4:33  Forge  
  39  4:34  Probe (Chrono Boost)  
  39  4:36  Probe (Chrono Boost)  
  41  4:43  Oracle  
  41  4:45  Probe (Chrono Boost)  
  45  4:46  Probe (Chrono Boost)  
  46  4:55  Probe (Chrono Boost)  
  47  5:19  Probe x2 (Chrono Boost)  
  49  5:30  Probe x2 (Chrono Boost)  
  49  5:32  Adept x3  
  57  5:40  Probe (Chrono Boost)  
  58  5:45  Twilight Council  
  58  5:46  Protoss Ground Weapons Level 1  
  58  5:53  Probe x2 (Chrono Boost)  
  57  6:53  Resonating Glaives  
  57  6:56  Adept  
  57  6:57  Adept x2  
  57  7:00  Probe (Chrono Boost)  
  64  7:10  Pylon, Probe (Chrono Boost)  
  64  7:12  Pylon  
  65  7:18  Robotics Bay  
  65  7:21  Probe (Chrono Boost)  
  66  7:31  Probe (Chrono Boost)  
  66  7:34  Nexus  
  67  7:39  Photon Cannon  
  67  7:42  Probe (Chrono Boost)  
  67  7:43  Photon Cannon  
  67  7:47  Observer  
  67  7:49  Protoss Ground Armor Level 1  
  68  7:54  Stalker  
  68  7:55  Stalker x2  
  74  8:08  Robotics Facility, Observer  
  74  8:09  Pylon  
  72  8:47  Probe (Chrono Boost)  
  73  8:56  Colossus  
  73  8:57  Colossus, Probe (Chrono Boost)  
  86  9:08  Probe (Chrono Boost)  
  87  9:18  Probe (Chrono Boost)  
  87  9:20  Pylon  
  87  9:23  Pylon  
  88  9:29  Probe (Chrono Boost)  
  88  9:38  Assimilator  
  88  9:39  Probe (Chrono Boost)  
  88  9:41  Assimilator  
  88  9:43  Assimilator  
  89  9:46  Assimilator  
  89  9:48  Protoss Ground Weapons Level 2  
  89  9:50  Probe (Chrono Boost)  
  90  9:58  Zealot  
  90  9:59  Zealot x2  
  92  10:37  Zealot x3  
  92  10:38  Nexus  
  96  11:00  Zealot x3  
  102  11:13  Pylon  
  102  11:28  Pylon  
  102  11:30  Colossus  
  108  11:33  Dark Shrine  
  108  12:11  Photon Cannon  
  108  12:13  Colossus, Photon Cannon  
  114  12:18  Protoss Ground Weapons Level 3  
  114  12:20  Zealot  
  114  12:21  Zealot x2  
  120  12:24  Immortal  
  106  12:49  Zealot x3  
  61  13:04  Immortal  
  61  13:05  Zealot x3  
  42  13:28  Stalker  
  42  13:29  Stalker x2  
  48  13:38  Nexus  
  48  13:41  Assimilator  
  48  13:44  Pylon  
  48  13:46  Mothership Core (Chrono Boost)  
  48  13:47  Pylon  
  50  13:52  Colossus x2  
  62  14:30  Photon Cannon  
  62  14:32  Photon Cannon  
  62  14:34  Nexus  
  62  14:35  Photon Cannon  
  62  14:36  Pylon  
  62  14:39  Photon Cannon, Pylon  
  62  14:46  Colossus  
  62  14:51  Zealot x3  
  74  15:14  Photon Cannon  
  74  15:16  Photon Cannon  
  74  15:19  Photon Cannon  
  74  15:22  Photon Cannon, Stalker  
  74  15:24  Zealot x2  
  74  15:27  Assimilator  
  80  15:30  Assimilator  
  80  15:38  Immortal  
  84  15:50  Zealot x2  
  84  15:51  Zealot  
  67  16:12  Zealot  
  67  16:13  Zealot x2  
  71  16:22  Immortal x2  
  79  16:30  Probe (Chrono Boost)  
  78  16:41  Probe (Chrono Boost)  
  78  16:45  Zealot x3  
  69  16:51  Probe (Chrono Boost)  
  43  16:59  Mothership Core (Chrono Boost)  
  39  17:02  Probe (Chrono Boost)  
  39  17:06  Dark Templar x3  
  36  17:12  Probe (Chrono Boost)  
  30  17:23  Probe (Chrono Boost)  
  21  17:33  Probe (Chrono Boost)  
  22  17:39  Dark Templar x3  
  23  17:57  Disruptor x2  
  21  18:11  Probe (Chrono Boost)  
  22  18:21  Probe (Chrono Boost)  
  23  18:32  Probe (Chrono Boost)  
  24  18:43  Probe (Chrono Boost)  
  25  18:51  Zealot x2  
  25  18:53  Probe (Chrono Boost)  
  30  19:04  Probe (Chrono Boost)  
  31  19:14  Probe (Chrono Boost)  
  32  19:25  Probe (Chrono Boost)  
  32  19:29  Mothership Core (Chrono Boost)  
  35  19:35  Probe (Chrono Boost)  
  36  19:43  Zealot x2  
  40  19:46  Probe (Chrono Boost)  
  41  20:16  Probe (Chrono Boost)  
  41  20:19  Zealot x2  
  46  20:26  Probe (Chrono Boost)  
  47  20:37  Probe (Chrono Boost)  
  47  20:47  Probe (Chrono Boost)  
  45  20:52  Disruptor  
  30  21:15  Dark Templar x2  
  29  21:19  Zealot  
  25  21:38  Probe (Chrono Boost)  
  23  21:43  Gateway  
  23  21:56  Nexus  
  23  21:57  Pylon  
  23  22:00  Pylon  
  23  22:38  Cybernetics Core  
  21  22:52  Forge  
  21  22:57  Gateway, Zealot  
  9  23:17  Cybernetics Core  
  8  23:28  Photon Cannon  
  8  23:30  Photon Cannon  
  8  23:32  Photon Cannon  
  8  23:34  Photon Cannon  
  8  23:37  Probe (Chrono Boost)  
Tags
 
Add a new tag
Caveats
  • Supply blocks, unpowered buildings, or Contaminate may cause inaccurate times.
  • Supply counts are checked every 10 seconds.